 Dungeon Crawl Stone Soup version 0.31-a0-1522-g43313d8a59 (webtiles) character file.

Game seed: 10240424530853567758

922 avis the Caller (level 7, -3/35 HPs)
             Began as a Felid Summoner on Dec 31, 2023.
             Engulfed by a steam dragon's steam (11 damage)
             ... on level 5 of the Dungeon.
             The game lasted 00:42:38 (5642 turns).

avis the Caller (Felid Summoner)                    Turns: 5642, Time: 00:42:39

Health: -3/35      AC:  2    Str:  4    XL:     7   Next: 84%
Magic:  15/15      EV: 17    Int: 26    God:
Gold:   164        SH:  0    Dex: 17    Spells: 5/15 levels left
                                        Lives:  0   Deaths: 2

rFire   . . .        (weapon unavailable)
rCold   . . .        (shield unavailable)
rNeg    + . .        (body armour unavailable)
rPois   .            (helmet unavailable)
rElec   .            (cloak unavailable)
rCorr   .            (gloves unavailable)
SInv    +            (boots unavailable)
Will    +....        g - amulet of magic regeneration
Stlth   +++          c - ring of positive energy
HPRegen 0.25/turn    h - +6 ring of intelligence
MPRegen 0.54/turn

%: no passive effects
@: unable to call your familiar
A: very small, claws 1, fangs 3, see invisible, shaggy fur 2, stealthy paws, no
weapons or thrown items, no armour, multi-lived
a: no special abilities


You were on level 5 of the Dungeon.
You visited 1 branch of the dungeon, and saw 6 of its levels.

You collected 164 gold pieces.

Inventory:

Jewellery
 c - a ring of positive energy (left paw)
 g - an amulet of magic regeneration (around neck)
 h - a +6 ring of intelligence (right paw)
 x - a ring of resist corrosion
Wands
 u - a wand of paralysis (8)
Scrolls
 b - 2 scrolls of fear
 e - 2 scrolls of enchant weapon {unknown}
 j - 3 scrolls of identify {unknown}
 m - 2 scrolls of enchant armour {unknown}
 p - a scroll of revelation {unknown}
 q - 2 scrolls of blinking
 s - a scroll of amnesia {unknown}
 w - a scroll of vulnerability {unknown}
Potions
 a - a potion of magic
 d - 2 potions of berserk rage {unknown}
 f - 2 potions of haste {unknown}
 i - a potion of degeneration {unknown}
 k - 2 potions of curing {unknown}
 l - a potion of ambrosia {unknown}
 n - 3 potions of enlightenment {unknown}
 o - a potion of heal wounds {unknown}
 r - 3 potions of brilliance {unknown}
 t - a potion of resistance {unknown}
 v - a potion of attraction {unknown}


   Skills:
 + Level 2.8 Fighting
 - Level 2.6 Dodging
 + Level 5.2 Stealth
 + Level 4.7 Spellcasting
 + Level 5.7 Summonings
 * Level 3.9 Fire Magic


You had 5 spell levels left.
You knew the following spells:

 Your Spells              Type           Power      Damage    Failure   Level
a - Summon Small Mammal   Summ           100%       N/A       1%          1
c - Call Imp              Summ           72%        N/A       1%          2
d - Call Canine Familiar  Summ           36%        N/A       2%          3
g - Summon Blazeheart Go  Fire/Summ      31%        N/A       11%         4

Your spell library contained the following spells:

 Spells                   Type           Power      Damage    Failure   Level
 Slow                     Hex            24%        N/A       8%          1
 Ensorcelled Hibernation  Hex/Ice        12%        N/A       12%         2
 Confusing Touch          Hex            6%         N/A       24%         3
 Passwall                 Erth           6%         N/A       24%         3
 Sigil of Binding         Hex            6%         N/A       24%         3
 Swiftness                Air            6%         N/A       24%         3
 Vampiric Draining        Necr           6%         2d6       24%         3
 Summon Lightning Spire   Summ/Air       21%        N/A       24%         4


Dungeon Overview and Level Annotations

Branches:
Dungeon (6/15)
 Temple: D:4-7

Altars:
Hepliaklqana
Kikubaaqudgha
Okawaru
The Shining One

Shops:
D:2 =

Annotations:
D:5 1 runed translucent door, exclusion: door


Innate Abilities, Weirdness & Mutations

You have sharp claws.
You have razor-sharp teeth.
You have supernaturally acute eyesight. (SInv)
You are covered in thick fur. (AC +2)
Your paws help you pounce on unaware monsters.
You are incapable of wielding weapons or throwing items.
You cannot wear armour.
You gain extra lives every three experience levels.


Message History

You start resting.
HP restored.
What are your orders? t - Meow!
Orders for allies: a - Attack new target. r - Retreat! s - Stop attacking. g - Guard the area. f - Follow me.
Anything else - Cancel.
Gang up on whom?
Press: ? - help, Dir - move target, f - steam dragon
Aim: a steam dragon (ally target) Attack!
Casting: Call Canine Familiar (dangerous; 2% risk of failure)
Confirm with . or Enter, or press ? or * to list all spells.
A tiny devil pulls itself out of the air.
The steam dragon breathes steam at you. The ball of steam hits your inugami.
The ball of steam hits your cerulean imp!
Your cerulean imp dies!
Your cerulean imp disappears in a puff of smoke!
The ball of steam misses you. What are your orders? t - Meow!
Orders for allies: a - Attack new target. p - Attack previous target. r - Retreat! s - Stop attacking. g - Guard the area. f - Follow me.
Anything else - Cancel.
Gang up on whom?
Press: ? - help, Dir - move target, f/p - steam dragon
Aim: a steam dragon Attack!
The steam dragon breathes steam at you. The ball of steam hits your inugami!
The ball of steam hits you!
Your inugami is engulfed in a cloud of scalding steam.
Your inugami dies!
Your inugami disappears in a puff of smoke!
You are engulfed in a cloud of scalding steam.
* * * LOW HITPOINT WARNING * * *
You are engulfed in a cloud of scalding steam.
You die...

#.#
#.##..#############
.^. #.####.##..#
..~.###
#.#........#
..P~P..
#.#.##.###.#######
.....9D
#.#.(#...........#
..~~~^.
####.###...#####.#
.~P≈###
.#§.).§##.## #.#
..# # .#..)..##.#
#.# # # ...._.....#
#@################
##.....####
#§§§§§.D.....9D...
##§..)☼#
#######..#########
####)###
#######..### #
####.# #..........#
# .....#
#.#####..#.#### #
....##
#............<# #
....#
#.[.........#.# #
....#
#..#.###.#..#.# ##


There were no monsters in sight!

Vanquished Creatures
  A dart slug (D:2)
  2 orcs (D:4)
  2 bats (D:2)
  2 hobgoblins
  A ball python (D:1)
  A rat (D:1)
9 creatures vanquished.

Vanquished Creatures (collateral kills)
  An ice beast (D:4)
  A black bear (D:5)
  A centaur (D:5)
  A phantom (D:4)
  A gnoll sergeant (D:5)
  A howler monkey (D:5)
  2 orc priests (D:3)
  2 bombardier beetles (D:4)
  3 jellies
  An iguana (D:4)
  11 gnolls
  5 adders
  2 dart slugs
  5 orcs
  8 endoplasms
  3 giant cockroaches
  6 hobgoblins
  7 jackals (D:1)
  6 kobolds
  A quokka (D:3)
  9 ball pythons
  3 bats
  3 frilled lizards
  4 goblins
  6 rats
93 creatures vanquished.

Grand Total: 102 creatures vanquished

Notes
Turn   | Place    | Note
-------+----------+-------------------------------------------
     0 | D:1      | avis the Felid Summoner began the quest for the Orb.
     0 | D:1      | Reached XP level 1. HP: 9/9 MP: 4/4
   214 | D:1      | Reached XP level 2. HP: 13/13 MP: 6/6
   217 | D:1      | Learned a level 2 spell: Call Imp
   985 | D:1      | Reached XP level 3. HP: 16/16 MP: 8/8
  1011 | D:1      | Learned a level 3 spell: Call Canine Familiar
  1881 | D:2      | Found Ozo Yci's Jewellery Emporium.
  2502 | D:2      | Reached XP level 4. HP: 18/21 MP: 7/10
  2502 | D:2      | Gained a life (2 lives remaining)
  2836 | D:2      | Learned a level 4 spell: Summon Blazeheart Golem
  3267 | D:3      | Found a faded altar of an unknown god.
  3272 | D:3      | Found a glowing golden altar of the Shining One.
  3393 | D:3      | Reached XP level 5. HP: 25/25 MP: 11/11
  3408 | D:3      | Reached skill level 1 in Fire Magic
  3652 | D:3      | Found a hazy altar of Hepliaklqana.
  3721 | D:3      | Found an iron altar of Okawaru.
  3818 | D:4      | Reached skill level 1 in Fighting
  3818 | D:4      | Reached skill level 5 in Summonings
  3891 | D:4      | Noticed an ice beast
  4037 | D:4      | Gained mutation: You are covered in thick fur. (AC +2)
                  | [Felid growth]
  4037 | D:4      | Reached XP level 6. HP: 30/30 MP: 11/13
  4109 | D:4      | Killed an ice beast
  4229 | D:4      | Reached XP level 7. HP: 35/35 MP: 10/14
  4477 | D:5      | Entered Level 5 of the Dungeon
  4516 | D:5      | You fall into a shaft and drop 1 floor!
  4676 | D:5      | Found an ancient bone altar of Kikubaaqudgha.
  4717 | D:5      | Slain by a gnoll
  4717 | D:5      | Lost a life (1 life remaining)
  4729 | D:5      | Found a runed translucent door.
  5183 | D:5      | Reached skill level 5 in Stealth
  5546 | D:5      | Noticed a steam dragon
  5548 | D:5      | Noticed a steam dragon
  5581 | D:5      | Killed from afar by a steam dragon
  5581 | D:5      | Lost a life (0 lives remaining)
  5642 | D:5      | Engulfed by a steam dragon's steam

Illustrated notes

Levels and vault maps discovered:
D:1:      roadster_arrival_rocket_small, layout_loops_ring
D:2:      layout_basic, serial_glass, glass_columns_a, glass_columns_a,
          serial_shops, shop
D:3:      layout_rooms, nzn_hepliaklqana_mist_gate,
          nicolae_overflow_ecumenical_swirl, lemuel_round_altar, serial_curves,
          eino_curves_04, eino_curves_02, eino_curves_01
D:4:      layout_cave_pools, serial_park, serial_park_square2,
          serial_park_fountain, serial_park_square3
          [serial_park_minivault_5x5_4], serial_park_tiny_2,
          serial_park_tiny_pond
D:5:      kennysheep_steamy, layout_loops_ring,
          nicolae_kikubaaqudgha_miasma_corner, uniq_crazy_yiuf_cottage
D:6:      layout_loops_ring, lemuel_round_altar

Skill      XL: |  1  2  3  4  5  6  7 |
---------------+----------------------+-----
Spellcasting   | 3 4 |  4.7
Stealth        | 3 4 5 |  5.2
Fire Magic     | 1 2 3 |  3.9
Fighting       | 1 2 |  2.8
Summonings     | 5 |  5.7
Dodging        | |  2.6

Action                     |  1- 3 |  4- 6 |  7- 9 || total
---------------------------+-------+-------+-------++-------
  Melee: Unarmed           |    21 |    12 |     8 ||    41
         Bite              |     1 |     3 |     1 ||     5
   Cast: Summon Small Mamm |    58 |    37 |     3 ||    98
         Call Imp          |    24 |    19 |    13 ||    56
         Call Canine Famil |       |     7 |     9 ||    16
         Summon Blazeheart |       |       |     9 ||     9
    Use: Scroll            |       |       |     2 ||     2
   Stab: Distracted        |       |     1 |       ||     1
 Armour: Skin              |     8 |     5 |    17 ||    30
  Dodge: Dodged            |    29 |    28 |    17 ||    74

Table legend: (Time is in decaauts)
 A = Elapsed time spent in this place.
 B = Non-inter-level travel time spent in this place.
 C = Inter-level travel time spent in this place.
 D = Time resting spent in this place.
 E = Time spent auto-exploring this place.
 F = Levels seen in this place.
 G = Mean time per level.
                   A        B        C        D        E       F      G
               +--------+--------+--------+--------+--------+-----+--------+
         Total |   5648 |   5325 |    323 |   1625 |   2220 |   6 |  941.3 |
       Dungeon |   5648 |   5325 |    323 |   1625 |   2220 |   6 |  941.3 |
               +--------+--------+--------+--------+--------+-----+--------+

Top non-repeatable levels by time:
     D:1: 1478 daAuts
     D:2: 1210 daAuts
     D:5: 1135 daAuts
     D:3: 1109 daAuts
     D:4: 707 daAuts
     D:6: 8 daAuts
